[Event "*** Titled Tuesday Blitz"]
[Site "Chess.com"]
[Date "2019.08.06"]
[Round "3"]
[White "ChessFunMaker"]
[Black "medalja"]
[Result "1/2-1/2"]
[WhiteElo "2233"]
[BlackElo "2357"]
[TimeControl "180+2"]
[EndTime "13:36:36 PDT"]
[Termination "Game drawn by agreement"]

1. c4 Nf6 2. g3 e6 3. Bg2 d5 4.
d4 Be7 5. Nf3 O-O 6. O-O dxc4 7.
Qc2 a6 8. a4 Bd7 9. Rd1 Bc6 10.
Nc3 a5 11. e4 Na6 12. Qe2 Nb4 13. Ne5 Nd3 14. Nxd3 cxd3 15. Qxd3 Bb4 16. d5 exd5 17. exd5 Bd7 18. Bf4 Rc8 19. h3 h6 20. Re1 c6 21.
d6 Be6 22. Red1 Qd7 23. Ne4 Nd5 24. Be5 f6 25. Bd4 Bxd6 26. Nc5 Bxc5 27. Bxc5 Rfe8 28. Kh2 Qc7 29. Rac1 Bf7 30. Qd4 Re2 31. Rd2 Rxd2 32. Qxd2 Re8 33. Re1 Qb8 34. Rxe8+ Qxe8 35. Qxa5 1/2-1/2

[Event "*** Titled Tuesday Blitz"]
[Site "Chess.com"]
[Date "2019.08.06"]
[Round "3"]
[White "johnathan113"]
[Black "Alexander_Moskalenko"]
[Result "0-1"]
[WhiteElo "2690"]
[BlackElo "2863"]
[TimeControl "180+2"]
[EndTime "13:36:38 PDT"]
[Termination "Alexander_Moskalenko won on time"]

1. c4 c5 2. g3 g6 3. Bg2 Bg7 4. Nf3 Nc6 5. Nc3 Nh6 6. d4 cxd4 7. Nxd4 O-O 8. Bxh6 Bxh6 9. O-O Bg7 10. e3 Qb6 11. Ndb5 d6 12. Nd5 Qd8 13. Qd2 a6 14. Nd4 Bd7 15.
Rac1 Rc8 16. b3 Nxd4 17. exd4 Bc6 18. Rfe1 e6 19. Nc3 Bxg2 20. Kxg2 Qa5 21. Re2 Rfd8 22.
Ne4 Qxd2 23. Rxd2 d5 24. Nc5 dxc4 25. Rxc4 b5 26. Rcc2 Rc6 27. Nb7 Rxc2 28. Rxc2 Rxd4 29.
Rc8+ Bf8 30. Nc5 Kg7 31. Nxa6 Rd2 32. Nc7 b4 33. Ne8+ Kh6 34. h4 Bg7 35. Rc7 Rd8 36. Re7 Bf8 37. Rxf7 Rxe8 38. g4 g5 39. h5 Bg7 40. Rb7 Bc3 41. Kg3 Ra8 42. Re7 Rxa2 43. Rxe6+ Kg7 44. h6+ Kf7 45. Rb6 Be5+ 46. Kf3 Rxf2+ 47.
Ke4 Bc3 48. Kd5 Rf6 49. Rb7+ Kg6 0-1

[Event "*** Titled Tuesday Blitz"]
[Site "Chess.com"]
[Date "2019.08.06"]
[Round "3"]
[White "LastHeroJr"]
[Black "GM_shahin"]
[Result "0-1"]
[WhiteElo "2521"]
[BlackElo "2891"]
[TimeControl "180+2"]
[EndTime "13:36:38 PDT"]
[Termination "GM_shahin won on time"]

1. e4 c5 2. Nf3 Nc6 3. d4 cxd4 4. Nxd4 e5 5. Nb5 d6 6. N1c3 a6 7. Na3 Be7 8. Nd5 Nf6 9. Nxe7 Qxe7 10. Bd3 b5 11. c3 O-O 12. O-O h6 13. Nc2 Rd8 14. a4 Rb8 15. axb5 axb5 16. Qe2 b4 17. cxb4 Nxb4 18. Nxb4 Rxb4 19. Qc2 Qb7 20. Re1 Be6 21. Ra4 Rb6 22. Ra3 Rc8 23. Qe2 Qb8 24. Ra6 Rb4 25. Qd2 Nd7 26. Bb1 Nc5 27. Ra8 Qb6 28. Rxc8+ Bxc8 29.
Qc3 Rb3 30. Qd2 Be6 31. Bc2 Rb4 32. Qc3 Rc4 33. Qd2 Rd4 34. Qc3 Rb4 35. Kh1 Nb3 36. Be3 Nd4 37. Bd3 Rb3 0-1

[Event "*** Titled Tuesday Blitz"]
[Site "Chess.com"]
[Date "2019.08.06"]
[Round "3"]
[White "sergiochess83"]
[Black "Cayse"]
[Result "1-0"]
[WhiteElo "2904"]
[BlackElo "2637"]
[TimeControl "180+2"]
[EndTime "13:36:42 PDT"]
[Termination "sergiochess83 won by resignation"]

1. d4 Nf6 2. Bf4 e6 3. e3 b6 4.
Nf3 Bb7 5. h3 d5 6. Bd3 c5 7. c3 Bd6 8. Ne5 Qc7 9. Nd2 O-O 10. Bh2 Nbd7 11. f4 Ne4 12. Qc2 f5 13.
O-O c4 14. Bxe4 fxe4 15. Nxd7 Qxd7 16. Rf2 b5 17. Raf1 a5 18. g4 Rf6 19. Rg2 b4 20. Rff2 Rb8 21. Nf1 Bc6 22. Ng3 bxc3 23. bxc3 Qb7 24.
f5 exf5 25. Nxf5 Qb1+ 26. Rf1 Qxc2 27. Rxc2 Bxh2+ 28. Rxh2 Re6 29. Rhf2 h6 30. h4 Kh7 31.
Kh2 Bd7 32. Kg3 Rg6 33. Rf4 Rb2 34. R1f2 Rb1 35. Rf1 Rgb6 36. Ne7 Rxf1 37. Rxf1 Be6 38. g5 hxg5 39. hxg5 Rb7 40. Rh1+ 1-0

[Event "*** Titled Tuesday Blitz"]
[Site "Chess.com"]
[Date "2019.08.06"]
[Round "3"]
[White "jlandaw"]
[Black "beatles_22"]
[Result "1-0"]
[WhiteElo "2453"]
[BlackElo "2651"]
[TimeControl "180+2"]
[EndTime "13:36:42 PDT"]
[Termination "jlandaw won by resignation"]

1. e4 e5 2. Nf3 Nc6 3. Bb5 a6 4. Ba4 Nf6 5. O-O b5 6. Bb3 Bb7 7. Re1 Bc5 8. c3 d6 9. d4 Bb6 10. Bg5 h6 11. Bh4 g5 12. Bg3 O-O 13. dxe5 Nxe5 14.
Nxe5 dxe5 15. Nd2 Qe8 16. Qf3 Qe7 17. Nf1 Bc8 18. Ne3 g4 19. Qe2 h5 20. Bh4 Be6 21. Kh1 Kh7 22. f3 Rg8 23. fxg4 Bxg4 24. Qf1 Rg6 25. Nd5 Nxd5 26. Bxe7 Nxe7 27. Qxf7+ Rg7 28.
Qf6 Ng6 29. Rf1 Be2 30. Rf5 Bg4 31. Rg5 Rf8 32. Rxg6 Rxf6 33. Rxf6 Be2 34. Re1 Bd3 35. Rf5 Kg6 36. Rxe5 a5 37. Bd1 h4 38. Bf3 Rf7 39. Bh5+ Kf6 40. Rf5+ Ke6 41. Bxf7+ 1-0

[Event "*** Titled Tuesday Blitz"]
[Site "Chess.com"]
[Date "2019.08.06"]
[Round "3"]
[White "2165149677570"]
[Black "filali-marouan"]
[Result "1-0"]
[WhiteElo "2279"]
[BlackElo "2325"]
[TimeControl "180+2"]
[EndTime "13:36:42 PDT"]
[Termination "2165149677570 won by resignation"]

1. e4 c6 2. d4 d5 3. exd5 cxd5 4. c4 Nf6 5. Nc3 Nc6 6. Bg5 e6 7. Nf3 Be7 8. c5 O-O 9. Bb5 Ne4 10. Be3 Nxc3 11.
bxc3 Qa5 12. Bxc6 bxc6 13. O-O Ba6 14. Re1 Qxc3 15. Ne5 Rfc8 16. Qh5 g6 17. Qh3 Bf6 18. Ng4 Bxd4 19. Nh6+ Kg7 20. Rac1 Qb2 21. Qf3 Rc7 22. Bf4 Rd7 23. Ng4 f6 24. Bh6+ Kg8 25. Rxe6 Rf7 26. Rce1 Qb8 27. Rxc6 Bc4 28. Rce6 Qc8 29. c6 Rb8 30. c7 Rxc7 31. Nxf6+ Kh8 32. h4 Bc5 33. Re8+ Qxe8 34. Rxe8+ Rxe8 35. Nxe8 d4 36. Nxc7 Bd6 37. Ne8 Kg8 38. Nxd6 Bf7 39. Qxf7+ 1-0

[Event "*** Titled Tuesday Blitz"]
[Site "Chess.com"]
[Date "2019.08.06"]
[Round "3"]
[White "XiaoKangZhong"]
[Black "rst2003"]
[Result "0-1"]
[WhiteElo "2361"]
[BlackElo "2255"]
[TimeControl "180+2"]
[EndTime "13:36:44 PDT"]
[Termination "rst2003 won by resignation"]

1. e4 c5 2. c3 Nf6 3. e5 Nd5 4. d4 cxd4 5. Nf3 Nc6 6. cxd4 d6 7. exd6 Qxd6 8. Nc3 Bg4 9. Be2 e6 10. O-O Be7 11. h3 Bh5 12. Be3 O-O 13. Ne4 Qd7 14.
Ne5 Nxe5 15. dxe5 Bxe2 16. Qxe2 Nxe3 17. Qxe3 Rfd8 18. Qg3 Qd4 19. Qf4 Rd5 20. Rfe1 Qxe5 21. Qxe5 Rxe5 22. f4 Rb5 23. b3 Rd8 24. Rac1 Rbd5 25.
Rc7 R5d7 26. Rec1 h6 27. Kf2 f5 28. Ng3 Bd6 29. Rxd7 Rxd7 30. Rc8+ Kf7 31. Kf3 Rc7 32. Rd8 Rc3+ 33. Kf2 Bxf4 34. Ne2 Be3+ 35. Ke1 Rc7 36.
Rd3 Bb6 37. Kd2 Ke7 38. Nc3 Rd7 39. Rxd7+ Kxd7 40. Kd3 e5 41. Ne2 Ke6 42. g3 g5 43.
Nc3 e4+ 44. Ke2 Ke5 45. Nb5 f4 46. gxf4+ gxf4 47. Na3 f3+ 48. Kf1 Kf4 49. Nc4 e3 50.
Ke1 Kg3 51. Ne5 Kg2 52. Nd3 f2+ 53. Nxf2 exf2+ 54. Ke2 f1=Q+ 0-1

[Event "*** Titled Tuesday Blitz"]
[Site "Chess.com"]
[Date "2019.08.06"]
[Round "3"]
[White "Keithonsky"]
[Black "AlexanderKing"]
[Result "1-0"]
[WhiteElo "2462"]
[BlackElo "2659"]
[TimeControl "180+2"]
[EndTime "13:36:45 PDT"]
[Termination "Keithonsky won on time"]

1. d4 d5 2. c4 e6 3. Nf3 c5 4. g3 Nf6 5. Bg2 Nc6 6. O-O Be7 7. cxd5 exd5 8. Nc3 O-O 9. Bf4 Bg4 10. Ne5 cxd4 11.
Nxg4 dxc3 12. Nxf6+ Bxf6 13. bxc3 Bxc3 14. Rb1 Qe7 15.
Qxd5 Rad8 16. Qb3 Nd4 17. Qxb7 Nxe2+ 18. Kh1 Qxb7 19. Rxb7 Nxf4 20. gxf4 Bd4 21. Bc6 g6 22. Kg2 Rd6 23. Ba4 Bb6 24. Rd1 Rfd8 25. Rxd6 Rxd6 26.
Bb3 Rf6 27. Kg3 Kg7 28. f3 Be3 29. Re7 Bxf4+ 30. Kg2 a5 31. Rd7 Be5 32. Rd5 Bc3 33. Rd7 Bb4 34. Kf2 h5 35. Ke3 Bc3 36. Ke4 Bb4 37. Rc7 Bd6 38. Ra7 Bxh2 39. Rxa5 h4 40.
Ke3 Bg1+ 41. Ke2 1-0

[Event "*** Titled Tuesday Blitz"]
[Site "Chess.com"]
[Date "2019.08.06"]
[Round "3"]
[White "MFguimaraes"]
[Black "NMZanette"]
[Result "1-0"]
[WhiteElo "2276"]
[BlackElo "2340"]
[TimeControl "180+2"]
[EndTime "13:36:46 PDT"]
[Termination "MFguimaraes won by resignation"]

1. e4 e5 2. Bc4 Nf6 3. Nc3 Nc6 4.
d3 Na5 5. Nf3 Nxc4 6. dxc4 d6 7.
O-O Be7 8. Re1 c6 9. b3 Qa5 10. Bd2 Qc7 11. a4 a5 12. Bc1 O-O 13. Ba3 g6 14. Qd3 Nh5 15. Rad1 Nf4 16. Qd2 Rd8 17. Ne2 Ne6 18. Qh6 Bf8 19. Qh4 Be7 20. Qh6 b6 21. Rd2 Ba6 22. Red1 c5 23. Nc3 Nd4 24. Nxd4 cxd4 25. Nd5 Qa7 26. c3 dxc3 27.
Nxc3 Bf8 28. Qe3 Qc7 29. Nd5 Qc6 30. Nxb6 Rab8 31. Nd5 Kg7 32. Rd3 Bc8 33. Qg5 Be6 34. Qf6+ Kg8 35. Bc1 Re8 36. Qf3 Bxd5 37. Rxd5 Qb6 38.
Rb5 Qc6 39. Rxa5 f5 40. exf5 Qxf3 41. gxf3 gxf5 42. Rb5 Rbc8 43. Ba3 Re6 44. Rb7 Rg6+ 45. Kf1 e4 46. Ke2 Re8 47. fxe4 Rxe4+ 48. Kf1 Reg4 49.
a5 Rg1+ 50. Ke2 Re6+ 51. Kd2 Bh6+ 52. Kc2 Re2+ 53. Kd3 Rxd1+ 54. Kxe2 Rd2+ 55. Kf3 Rd3+ 56. Ke2 Rd2+ 57. Ke1 Ra2 58. Bxd6 Rxa5 59. f4 Ra2 60. c5 Rxh2 61. c6 Rc2 62. c7 Bf8 63.
Rb8 1-0

[Event "*** Titled Tuesday Blitz"]
[Site "Chess.com"]
[Date "2019.08.06"]
[Round "3"]
[White "fancyknightmaneuvers"]
[Black "K_A_S_T_O_R"]
[Result "0-1"]
[WhiteElo "2560"]
[BlackElo "2781"]
[TimeControl "180+2"]
[EndTime "13:36:48 PDT"]
[Termination "K_A_S_T_O_R won by resignation"]

1. e4 c5 2. Nf3 d6 3. Bb5+ Bd7 4. Bxd7+ Qxd7 5. c4 Nc6 6. Nc3 g6 7. d4 cxd4 8. Nxd4 Bg7 9. Be3 Nf6 10. f3 O-O 11. O-O Rfd8 12. Rc1 Rac8 13. b3 b6 14. Qd2 Qb7 15. Rfd1 Ne8 16. Nd5 e6 17. Nxc6 Rxc6 18.
Nc3 a6 19. Bd4 Nf6 20. Qe2 Rdc8 21. a4 Nd7 22. Bxg7 Kxg7 23. Qe3 Kg8 24. Rd2 Nc5 25. Rb1 Qb8 26. h4 Nd7 27. h5 Nf6 28. h6 Qc7 29. Qd4 Qe7 30. Rbd1 Ne8 31. Qe3 Rc5 32. f4 Qh4 33. e5 d5 34. Nxd5 exd5 35. cxd5 Rc3 36.
Qxb6 Qxf4 37. d6 Rc1 38. Qd4 Rxd1+ 39. Rxd1 Qxd4+ 40. Rxd4 Rd8 41. b4 f6 42. d7 Nc7 43.
exf6 Kf7 44. b5 axb5 45. a5 Kxf6 46. g4 Ke7 47. Re4+ Kxd7 48. g5 Ra8 49. Rf4 Ke7 50.
Re4+ Ne6 51. Re5 Rxa5 52. Kf2 Ra2+ 53. Ke3 Rg2 54. Rxb5 Rxg5 55. Rb7+ Kf6 56. Rxh7 Rh5 57. Rh8 Kg5 58. h7 Ng7 59. Kf3 Nf5 60. Ke4 Kh6 61. Ke5 Kg7 62. Ra8 Rxh7 63. Ra7+ Kh6 64. Ra1 Rf7 65. Ke6 Kg7 66. Ra4 Re7+ 67. Kd5 Kf6 68. Ra6+ Kg5 69. Ra8 Re1 70. Rg8 Kf6 71. Rf8+ Kg7 72.
Ra8 g5 73. Ra4 Kg6 74. Ra6+ Kh5 75. Ra2 g4 76. Rf2 Kg5 77. Rg2 Ne3+ 78. Kd4 0-1

[Event "*** Titled Tuesday Blitz"]
[Site "Chess.com"]
[Date "2019.08.06"]
[Round "3"]
[White "platy3"]
[Black "Atakishiyev04"]
[Result "1/2-1/2"]
[WhiteElo "2873"]
[BlackElo "2619"]
[TimeControl "180+2"]
[EndTime "13:36:50 PDT"]
[Termination "Game drawn by agreement"]

1. e4 e6 2. d4 d5 3. Nd2 Nf6 4. e5 Nfd7 5. Bd3 c5 6. c3 Nc6 7.
Ne2 cxd4 8. cxd4 f6 9. exf6 Nxf6 10. Nf3 Qc7 11. O-O Bd6 12. Bg5 O-O 13. Bh4 h6 14.
Bg3 Bd7 15. a3 Rae8 16. b4 a6 17. Rc1 Qb8 18. Bg6 Re7 19. Nc3 Be8 20. Bxe8 Rexe8 21. Re1 Bxg3 22. hxg3 Ng4 23. Rc2 Qd6 24. Nh4 Rxf2 25.
Qxg4 Rxc2 26. Nf5 exf5 27. Rxe8+ Kf7 28. Qxf5+ Kxe8 29. Qxc2 Qxg3 30. Qe2+ Kd8 31. Nxd5 Qxa3 32. Qe6 Qc1+ 33. Kh2 g5 34. Qd6+ Ke8 35. Qe6+ Kd8 36. Qxh6 Kd7 37. Nb6+ Kc7 38. Nd5+ Kd7 39. Qf6 Qd2 1/2-1/2

[Event "*** Titled Tuesday Blitz"]
[Site "Chess.com"]
[Date "2019.08.06"]
[Round "3"]
[White "bluejay1897"]
[Black "RandomOracle"]
[Result "0-1"]
[WhiteElo "2277"]
[BlackElo "2206"]
[TimeControl "180+2"]
[EndTime "13:36:51 PDT"]
[Termination "RandomOracle won by resignation"]

1. Nf3 d5 2. g3 Nf6 3. Bg2 g6 4. b3 Bg7 5. Bb2 O-O 6. O-O c5 7. d4 cxd4 8. Bxd4 Nc6 9. Bb2 Re8 10. Ne5 Qc7 11. Nxc6 bxc6 12. Nd2 e5 13. c4 d4 14. c5 Be6 15. Rc1 Nd7 16. Re1 f5 17. e3 dxe3 18. Rxe3 Rad8 19. Qc2 e4 20. Bxg7 Kxg7 21. Bf1 Qe5 22.
b4 Nf6 23. Bc4 Nd5 24. Bxd5 cxd5 25. c6 d4 26. Ree1 Re7 27. Nxe4 fxe4 28. Rxe4 Qd6 29. Rce1 Rde8 30. Qe2 d3 31. Qb2+ Kf7 32. Rf4+ Kg8 33. b5 Bf7 34. Rxe7 Qxe7 35. h4 Bd5 36. Kh2 Qe1 37. f3 Re2+ 38. Kh3 Rxb2 39. c7 Rc2 0-1

[Event "*** Titled Tuesday Blitz"]
[Site "Chess.com"]
[Date "2019.08.06"]
[Round "3"]
[White "OlympusMons95"]
[Black "mishanick"]
[Result "0-1"]
[WhiteElo "2641"]
[BlackElo "2989"]
[TimeControl "180+2"]
[EndTime "13:36:54 PDT"]
[Termination "mishanick won by resignation"]

1. Nf3 d5 2. e3 Nf6 3. c4 e6 4. b3 Be7 5. Bb2 Nbd7 6. g3 dxc4 7. bxc4 b6 8. Bg2 Bb7 9. O-O c5 10. Nc3 O-O 11. Qe2 Rc8 12. d3 Nb8 13. Ne1 Bxg2 14. Nxg2 Nc6 15. f4 Qd7 16. g4 Rfd8 17. Rad1 Nb4 18. Ne1 e5 19. f5 Ne8 20. Ne4 Nd6 21.
f6 gxf6 22. Nxf6+ Bxf6 23. Rxf6 Nxc4 24. Ba1 Qe7 25. Rf1 Nd6 26. Nf3 Nc6 27. Qf2 Rf8 28. Qg3 f6 29. Kh1 Rce8 30. g5 f5 31. h4 Qe6 32. Qg2 f4 33. exf4 Rxf4 34. Rde1 Qg4 35. Qxg4 Rxg4 36. Nxe5 Nxe5 37. Bxe5 Rxh4+ 38. Kg2 Nf7 39.
Bf6 Rc8 40. Kg3 Ra4 41. Re7 Ra3 42. Rf3 Rf8 43. Kg4 Rxa2 44. Kf5 Rg2 45. Ke6 Nxg5+ 46. Bxg5 Rxf3 0-1

[Event "*** Titled Tuesday Blitz"]
[Site "Chess.com"]
[Date "2019.08.06"]
[Round "3"]
[White "Alopekos"]
[Black "albi1999"]
[Result "1-0"]
[WhiteElo "2500"]
[BlackElo "2471"]
[TimeControl "180+2"]
[EndTime "13:36:54 PDT"]
[Termination "Alopekos won by resignation"]

1. e4 e5 2. Nf3 Nc6 3. Bb5 a6 4.
Ba4 Nf6 5. O-O Be7 6. Re1 b5 7.
Bb3 d6 8. a4 b4 9. c3 O-O 10. a5 Rb8 11. d3 Bg4 12. Nbd2 h6 13. h3 Be6 14. Bxe6 fxe6 15. Qa4 Qd7 16. Nc4 bxc3 17. bxc3 Nh5 18. d4 exd4 19. Nxd4 Ne5 20. Qxd7 Nxd7 21. Nxe6 Rfc8 22. Bd2 Kf7 23. Nd4 c6 24.
Nf5 Ke6 25. g4 Nhf6 26. Nxg7+ Kf7 27. Nf5 Ne8 28. Bxh6 Ne5 29. Nxe5+ dxe5 30. Rab1 Bd8 31. f4 Bxa5 32. fxe5 Bxc3 33. Rxb8 Rxb8 34. Rc1 Rb3 35. Be3 Ke6 36. Bd4 Bb2 37. Rxc6+ Kd7 38. Rxa6 Bxd4+ 39. Nxd4 Rb4 40. Ra7+ Kc8 41. Nc6 Rxe4 42. Rf7 Nc7 43.
g5 Ne6 44. g6 Re3 45. Kg2 Re2+ 46. Kf3 Re1 47. Ne7+ Kd8 48. Nd5 Ng5+ 49. Kg4 Nxf7 50. gxf7 Rf1 51. e6 Kc8 52. Nf4 1-0

[Event "*** Titled Tuesday Blitz"]
[Site "Chess.com"]
[Date "2019.08.06"]
[Round "3"]
[White "AminMolaei"]
[Black "Giraffe_Chess"]
[Result "1/2-1/2"]
[WhiteElo "2544"]
[BlackElo "2387"]
[TimeControl "180+2"]
[EndTime "13:36:56 PDT"]
[Termination "Game drawn by repetition"]

1. d4 Nf6 2. c4 g6 3. Nc3 d5 4. Bg5 Ne4 5. Bh4 Nxc3 6. bxc3 Bg7 7. Nf3 dxc4 8. e3 Be6 9. Be2 O-O 10. O-O Nd7 11.
Qc2 b5 12. Rfb1 c6 13. a4 a6 14. Ng5 Bd5 15. e4 h6 16. exd5 hxg5 17. Bxg5 cxd5 18. axb5 axb5 19. Rxa8 Qxa8 20. Bxe7 Re8 21. Bg5 b4 22.
cxb4 Bxd4 23. Rd1 Qa7 24. Bf3 Re5 25. Bh4 Rf5 26. Bg3 Ne5 27. Bxd5 Nd3 28. Bf3 Qb6 29. Qxc4 Bxf2+ 30. Bxf2 Qxf2+ 31. Kh1 Rxf3 32. Qc8+ Kh7 33. Rg1 Qe3 34. h3 Rg3 35. Kh2 Rg5 36. Qd7 Qf4+ 37. g3 Qe3 38. Qxf7+ Kh8 39. Qf8+ Kh7 40. Qf7+ Kh8 41. Qf8+ Kh7 42. Qf7+ 1/2-1/2

[Event "*** Titled Tuesday Blitz"]
[Site "Chess.com"]
[Date "2019.08.06"]
[Round "3"]
[White "Kubas1010"]
[Black "HomayoonTofighi"]
[Result "0-1"]
[WhiteElo "2584"]
[BlackElo "2827"]
[TimeControl "180+2"]
[EndTime "13:37:01 PDT"]
[Termination "HomayoonTofighi won by resignation"]

1. d4 e6 2. Nf3 Nf6 3. c4 Bb4+ 4. Bd2 Bxd2+ 5. Qxd2 b6 6. Nc3 Bb7 7. e3 O-O 8. Be2 d6 9. O-O Nbd7 10. b4 e5 11. d5 Qe7 12. Qc2 g6 13. Nd2 c6 14. dxc6 Bxc6 15.
e4 Rfc8 16. Qb3 Nf8 17. Nd5 Nxd5 18. cxd5 Bb7 19. Bg4 Rc7 20. Qe3 Bc8 21. Be2 Bb7 22.
Bg4 Bc8 23. Be2 Bd7 24. Rfc1 Rac8 25. Nb3 f5 26. exf5 gxf5 27. Ba6 Rxc1+ 28. Rxc1 Rxc1+ 29. Nxc1 Ng6 30. Nd3 Be8 31. g3 Bf7 32. Qc1 Bxd5 33. Qc8+ Kg7 34. Qxf5 Bxa2 35. h4 Qe6 36. Qg5 h6 37.
Qd8 e4 38. Nc1 Bd5 39. Ne2 e3 40. Bd3 exf2+ 41. Kxf2 Ne5 42. Nf4 Nxd3+ 43. Nxd3 Qf6+ 44. Qxf6+ Kxf6 45. Ke3 Kf5 46. Nf2 h5 47. Nd3 a5 48.
bxa5 bxa5 49. Nf4 Bf7 50. Ne2 a4 51. Nd4+ Kg4 52. Kf2 a3 53. Nc2 a2 0-1

[Event "*** Titled Tuesday Blitz"]
[Site "Chess.com"]
[Date "2019.08.06"]
[Round "3"]
[White "WPWPWP-2015"]
[Black "RojonR"]
[Result "1-0"]
[WhiteElo "2408"]
[BlackElo "2435"]
[TimeControl "180+2"]
[EndTime "13:37:01 PDT"]
[Termination "WPWPWP-2015 won by resignation"]

1. e4 e5 2. Nf3 Nc6 3. Bc4 Nf6 4. d3 h6 5. O-O d6 6. c3 g5 7. Re1 Bg7 8. a4 O-O 9. Nfd2 g4 10. Nf1 Nh5 11. g3 Kh8 12. Ne3 f5 13. exf5 Bxf5 14. Nxf5 Rxf5 15. Qxg4 Qf6 16. Be3 Rf8 17. Nd2 Qd8 18.
Bd5 Ne7 19. Bxb7 d5 20. Bc5 d4 21. Be4 Rxf2 22. Nf3 Nf6 23. Qh4 Rxb2 24. Nxe5 dxc3 25.
Bxe7 Qd4+ 26. Kh1 Nxe4 27. Qxe4 Qf2 28. Ng4 Qf3+ 29. Qxf3 Rxf3 30. Ba3 Rb3 31. Ne5 Bxe5 32. Rxe5 c2 33. Ree1 Rfxd3 34. Be7 Rd2 35. Bf6+ Kh7 36.
Be5 Rf3 37. Bf4 Rdf2 38. Rac1 Kg6 39. Kg1 Kf5 40. h3 h5 41. Re5+ Kf6 42. Rc5 Re2 43.
R5xc2 1-0

[Event "*** Titled Tuesday Blitz"]
[Site "Chess.com"]
[Date "2019.08.06"]
[Round "3"]
[White "Keaton87"]
[Black "pedro_gines"]
[Result "1/2-1/2"]
[WhiteElo "2616"]
[BlackElo "2393"]
[TimeControl "180+2"]
[EndTime "13:37:03 PDT"]
[Termination "Game drawn by agreement"]

1. d4 d6 2. e4 Nf6 3. Nc3 e5 4. Nf3 Nbd7 5. Bc4 Be7 6. dxe5 Nxe5 7. Be2 O-O 8. O-O Nxf3+ 9. Bxf3 Re8 10. Bf4 Bf8 11.
Re1 Be6 12. Qd2 Nd7 13. Rad1 Ne5 14. Be2 Nc4 15. Qc1 Qf6 16. Bg3 g6 17. Rd3 Ne5 18. Rdd1 Nc4 19. Bxc4 Bxc4 20. Qd2 Bg7 21. Bf4 Qe6 22.
a3 h5 23. Bh6 Bh8 24. h3 a5 25.
Be3 Qe5 26. Bd4 Qxd4 27. Qxd4 Bxd4 28. Rxd4 Be6 29. Red1 h4 30. f3 Kg7 31. Kf2 g5 32. R1d2 Kg6 33. Nd1 Ra6 34. Ne3 Rb6 35. b3 Ra8 36. Nd5 Bxd5 37. Rxd5 a4 38. b4 Rc6 39.
Ke3 Rc3+ 40. R5d3 Rc4 41. Re2 Ra6 42. Kd2 Rac6 43. c3 Rb6 44. Rd4 Rxd4+ 45. cxd4 Rc6 46. Kd3 b5 47. Rc2 Rxc2 48. Kxc2 c6 49. Kd3 f5 50.
Ke3 Kf6 51. Kd3 f4 52. Kc3 Ke6 53. Kd2 Kf6 54. Kd3 Ke6 55. Kc3 1/2-1/2

[Event "*** Titled Tuesday Blitz"]
[Site "Chess.com"]
[Date "2019.08.06"]
[Round "3"]
[White "gmcorrales"]
[Black "adriangschnitzer"]
[Result "1-0"]
[WhiteElo "2736"]
[BlackElo "2560"]
[TimeControl "180+2"]
[EndTime "13:37:07 PDT"]
[Termination "gmcorrales won by checkmate"]

1. e4 c6 2. d4 d5 3. e5 c5 4.
dxc5 Nc6 5. Nf3 Bg4 6. c3 e6 7. b4 a5 8. Bb5 axb4 9. cxb4 Qc7 10.
Bb2 Ne7 11. O-O Ng6 12. Re1 Be7 13. Nbd2 O-O 14. Qb3 b6 15. Bxc6 Qxc6 16. Nd4 Qc7 17. c6 Nxe5 18. Qg3 f6 19. f4 Bxb4 20. fxe5 Bxd2 21.
Qxg4 Bxe1 22. Nxe6 Bf2+ 23. Kxf2 fxe5+ 24. Kg1 Qf7 25. Nxf8 Rxf8 26. Qg3 d4 27. Qb3 Rc8 28. Rc1 Qxb3 29. axb3 Kf7 30. b4 b5 31. Rc5 Ke6 32.
Kf2 Kd6 33. Kf3 Rxc6 34. Rxc6+ Kxc6 35. Ke4 Kd6 36. Bc1 h6 37. g4 g5 38. Bd2 d3 39.
Bc3 Ke6 40. Be1 Kd6 41. Bd2 Ke6 42. Bc3 h5 43. gxh5 g4 44. h6 Kf7 45. Bd2 Kg6 46.
Kxe5 g3 47. hxg3 Kh5 48. h7 Kg4 49. h8=Q Kf3 50. Qh6 Ke2 51. g4 Kd1 52. Qe3 Kc2 53. g5 Kb3 54. g6 Kc4 55. g7 Kb3 56. g8=Q+ Kc2 57. Qa2+ Kd1 58. Qb1# 1-0

[Event "*** Titled Tuesday Blitz"]
[Site "Chess.com"]
[Date "2019.08.06"]
[Round "3"]
[White "MITerryble"]
[Black "mitrabhaa"]
[Result "1-0"]
[WhiteElo "2879"]
[BlackElo "2690"]
[TimeControl "180+2"]
[EndTime "13:37:08 PDT"]
[Termination "MITerryble won by resignation"]

1. e4 c6 2. Nf3 d5 3. exd5 cxd5 4. Ne5 Nf6 5. d4 g6 6. c3 Bg7 7. Bd3 O-O 8. O-O Nc6 9. Qe2 Bf5 10. Bxf5 gxf5 11.
Nd2 Nxe5 12. dxe5 Nd7 13. e6 Nc5 14. exf7+ Rxf7 15. Nf3 Ne4 16. Bf4 e6 17. Ne5 Rf8 18. f3 Nf6 19. Nd3 Re8 20. Rfe1 Rc8 21. Be5 h6 22.
Rad1 Kh7 23. Nf4 Rc6 24. Bxf6 Qxf6 25. Nxd5 Qg5 26. Ne3 Rc7 27. Qd3 Rf7 28. Nc4 Rg8 29.
Rd2 Rf6 30. Ne5 Rff8 31. Nd7 Re8 32. Nc5 e5 33. Nxb7 e4 34. fxe4 Be5 35. Rde2 Rg7 36. exf5 Rge7 37. f6+ Kh8 38. fxe7 Bg7 39. Nd6 Rxe7 40.
Rxe7 Qc5+ 41. Kh1 Kg8 42. Re8+ Bf8 43. Qg6+ 1-0

[Event "*** Titled Tuesday Blitz"]
[Site "Chess.com"]
[Date "2019.08.06"]
[Round "3"]
[White "JakeCarlosBanawa"]
[Black "Supernotar"]
[Result "0-1"]
[WhiteElo "2360"]
[BlackElo "2620"]
[TimeControl "180+2"]
[EndTime "13:37:10 PDT"]
[Termination "Supernotar won by resignation"]

1. d4 d5 2. c4 dxc4 3. e4 Nf6 4. e5 Nd5 5. Bxc4 Nb6 6. Bd3 Nc6 7. Ne2 Nb4 8. Be4 f5 9. Bf3 N4d5 10. Nbc3 Be6 11. O-O Qd7 12. a4 a5 13. Nf4 Nxf4 14. Bxf4 Nd5 15. Nxd5 Bxd5 16. e6 Bxe6 17. d5 Bf7 18. Rc1 Rc8 19. Qd4 Rg8 20. h4 g6 21. Rfe1 Bg7 22. Be5 Bxe5 23. Rxe5 Kf8 24. Rce1 Re8 25.
Qd2 Kg7 26. Qxa5 Qd6 27. Qc3 Kf8 28. Qe3 Rg7 29. a5 Bg8 30. Qb3 Rb8 31. Qc3 Rf7 32. Re6 Qd7 33. Rc1 Rc8 34. Qb4 c6 35. dxc6 Qxe6 36.
Qxb7 Kg7 37. Rd1 Rff8 38. Rd7 Rfe8 39. Bd5 Qe1+ 40. Kh2 Bxd5 41. Rxd5 Qxf2 42. Rd7 Qxh4+ 43. Kg1 Qe1+ 44. Kh2 Qe5+ 45. Kg1 Rb8 46. a6 Rxb7 47. axb7 Qc5+ 48. Kh2 Qxc6 49. Rxe7+ Rxe7 50. b8=Q Qc7+ 0-1

[Event "*** Titled Tuesday Blitz"]
[Site "Chess.com"]
[Date "2019.08.06"]
[Round "3"]
[White "WarlordX"]
[Black "iturrizaga"]
[Result "0-1"]
[WhiteElo "2520"]
[BlackElo "2934"]
[TimeControl "180+2"]
[EndTime "13:37:12 PDT"]
[Termination "iturrizaga won on time"]

1. d4 Nf6 2. c4 e6 3. Nf3 b6 4. g3 Ba6 5. Bg2 Bxc4 6. Ne5 Bd5 7. Bxd5 Nxd5 8. e4 Nf6 9. Nc3 Bb4 10. Qd3 O-O 11. O-O Nc6 12. Bg5 Be7 13. Nxc6 dxc6 14. Rfd1 Nd7 15. Bf4 Qc8 16. Rac1 Qb7 17. Qc4 Rad8 18.
b4 b5 19. Qb3 Nb6 20. Rc2 Nc4 21. Re2 Rd7 22. Be3 Rfd8 23. Rc1 a5 24. a3 a4 25. Qa2 Qc8 26. Nb1 e5 27. dxe5 Rd1+ 28.
Rxd1 Rxd1+ 29. Kg2 Nxe5 30. Qc2 Rd8 31. h3 Nc4 32.
Bc1 Qe6 33. Nd2 Ne5 34. Bb2 c5 35. Bxe5 Qxe5 36. Nf3 Qe6 37. bxc5 c6 38. Qc3 f6 39.
Nd4 Qe5 40. Rd2 Qxc5 41. Qb2 Qxa3 42. Qc2 Qc5 43. Qd1 Qe5 44. f3 Bb4 45. Rd3 Qd6 46.
Qb1 c5 0-1

[Event "*** Titled Tuesday Blitz"]
[Site "Chess.com"]
[Date "2019.08.06"]
[Round "3"]
[White "Orest_Vovk"]
[Black "pandamaster3000"]
[Result "1-0"]
[WhiteElo "2219"]
[BlackElo "2306"]
[TimeControl "180+2"]
[EndTime "13:37:15 PDT"]
[Termination "Orest_Vovk won by resignation"]

1. h4 e5 2. h5 d5 3. h6 Nxh6 4.
d4 e4 5. Bxh6 gxh6 6. e3 c6 7. c4 Rg8 8. Nc3 Be6 9. Qb3 Qb6 10. Nh3 Nd7 11. Nf4 Nf6 12. cxd5 cxd5 13. Bb5+ Kd8 14. Nfxd5 Nxd5 15. Nxd5 Qa5+ 16. Kf1 a6 17. Bc4 Rc8 18. Nb6 Bxc4+ 19. Nxc4 Qb5 20. Qxb5 axb5 21. Ne5 Rc2 22. Nxf7+ Kc8 23. Nxh6 Bxh6 24. Rxh6 Rg7 25. Rf6 Re7 26. b3 Kb8 27. g3 Ka7 28.
Kg2 Rb2 29. Rf5 Ka6 30. Rf6+ Ka7 31. Rf5 Ka6 32. Rh1 Rxa2 33. Rh6+ Ka7 34. Rhh5 Rb2 35. Rxb5 Rf7 36. Rhf5 Re7 37. Rf6 Rd2 38. Re5 Rc7 39. Rxe4 Rcc2 40. Re7 Rb2 41. Rxh7 Rxb3 42. Re7 Kb8 43.
Rf8+ Ka7 44. g4 Ka6 45. g5 Rb1 46. g6 Rdd1 47. g7 Rg1+ 48. Kf3 1-0